 Dungeon Crawl Stone Soup version 0.30-a0-702-gdf48620a09 (webtiles) character file.

Game seed: 2160467286273893921

135 Leeroy the Slasher (level 5, -3/30 HPs)
             Began as a Tengu Warper on Jan 21, 2023.
             Slain by Sigmund
             ... wielding a +0 scythe
              (8 damage)
             ... on level 2 of the Dungeon.
             The game lasted 00:02:32 (1452 turns).

Leeroy the Slasher (Tengu Warper)                   Turns: 1452, Time: 00:02:32

Health: -3/30      AC:  7    Str: 11    XL:     5   Next: 18%
Magic:  9/9        EV: 14    Int: 13    God:
Gold:   82         SH:  0    Dex: 16    Spells: 8/8 levels left

rFire   . . .      SeeInvis .    a - +0 falchion
rCold   . . .      Faith    .    (no shield)
rNeg    . . .      Spirit   .    b - +0 leather armour
rPois   .          Reflect  .    (helmet restricted)
rElec   .          Harm     .    (no cloak)
rCorr   .          Rampage  .    (no gloves)
Will    +....                    (boots unavailable)
Stlth   +                        (no amulet)
HPRegen 0.25/turn                m - +4 ring of protection
MPRegen 0.11/turn                r - ring of willpower

@: mighty, brilliant, flying quickly and evasively, quick
A: beak, talons 3, nimble flight
a: no special abilities


You were on level 2 of the Dungeon.
You visited 1 branch of the dungeon, and saw 2 of its levels.

You collected 82 gold pieces.

Inventory:

Hand Weapons
 a - a +0 falchion (weapon)
Missiles
 d - 6 boomerangs of dispersal (quivered)
 n - 6 poisoned darts
 p - 2 silver boomerangs
Armour
 b - a +0 leather armour (worn)
Jewellery
 m - a +4 ring of protection (left hand)
 r - a ring of willpower (right hand)
Scrolls
 c - a scroll of blinking
 f - 2 scrolls of identify {unknown}
 h - 3 scrolls of vulnerability {unknown}
 i - 2 scrolls of enchant weapon {unknown}
 j - a scroll of teleportation {unknown}
 q - a scroll of brand weapon {unknown}
Potions
 e - a potion of haste {unknown}
 g - a potion of might
 k - a potion of heal wounds {unknown}
 l - 2 potions of brilliance
 o - a potion of magic {unknown}
 s - a potion of resistance {unknown}


   Skills:
 - Level 2.0 Fighting
 + Level 5.7 Long Blades
 - Level 1.0 Throwing
 - Level 1.1 Armour
 - Level 2.1 Dodging
 - Level 2.0 Spellcasting
 - Level 2.4 Translocations


You had 8 spell levels left.
You didn't know any spells.
Your spell library contained the following spells:

 Spells                   Type           Power      Damage    Failure   Level
 Blink                    Tloc           22%        N/A       19%         2
 Lesser Beckoning         Tloc           22%        N/A       19%         2
 Freeze                   Ice            4%         1d3       32%         1
 Teleport Other           Tloc           11%        N/A       36%         3
 Vhi's Electric Charge    Tloc/Air       12%        N/A       52%         3
 Frozen Ramparts          Ice            2%         1d1       69%         3
 Hailstorm                Conj/Ice       1%         3d3       69%         3
 Manifold Assault         Tloc           11%        N/A       77%         4


Dungeon Overview and Level Annotations

Branches:
Dungeon (2/15)

Altars:

Shops:
D:1 *

Annotations:
D:2 Sigmund


Innate Abilities, Weirdness & Mutations

You have a beak for a mouth.
You have claws for feet.
Your magical nature lets you fly swiftly and evasively.


Message History

A magic dart appears from out of thin air!
The magic dart hits you but does no damage.
You are confused.
It was a potion of brilliance.
You feel clever all of a sudden.
You don't know any spells.
It was a potion of might.
You feel very mighty all of a sudden.
You are more confused.
Okay, then.
You are too confused!
Unknown command.
r - a ring of willpower (right hand)
You are too confused!
Unknown command.
Okay, then.
Okay, then.
You are too confused!
Unknown command.
You are too confused!
Sorry, you're not good enough to have a special ability.
Unknown command.
Non-targeted confused throw: 7 boomerangs (disperse)
Press: ? - help, Q - select action, (/) - cycle Dir - look around, f - activate You throw a boomerang of dispersal.
Something hits you. Something hits you! Something hits you.
You hear some strange, mumbled words.
A magic dart appears from out of thin air!
The magic dart hits you!
You're too confused to move!
Something hits you!
* * * LOW HITPOINT WARNING * * *
You're too confused to move!
Something hits you.
* * * LOW HITPOINT WARNING * * *
You feel less confused.
You closely miss something. Your kick misses something.
Something hits you but does no damage.
You miss something. Something hits you!
You die...

......####### ####.###
......(....). #......##
...........# #######
#.......# ...........#
#.....# #.....#+#
...........# #.....# #.....+
+ #####.###### #.....#
#...†.#+#
#.#########.....#####.....†..
#........#...{.............##
########.#..@...####.......##
...............# #.......##
#######.##.....####.......##
#...#.....#........(.##
#...#.....#..........##
#...#.....#..........##
#...#######..........## #...#
#..........## #...#
####(########


There were no monsters in sight!

Vanquished Creatures
  Natasha (thrice) (D:2)
  3 adders (D:2)
  4 endoplasms
  3 goblins
  4 jackals
  2 quokkas (D:2)
  3 ball pythons (D:1)
  3 bats
  2 frilled lizards
  6 kobolds
  4 rats
37 creatures vanquished.

Notes
Turn   | Place    | Note
-------+----------+-------------------------------------------
     0 | D:1      | Leeroy the Tengu Warper began the quest for the Orb.
     0 | D:1      | Reached XP level 1. HP: 12/12 MP: 4/4
    80 | D:1      | Reached XP level 2. HP: 8/17 MP: 6/6
    84 | D:1      | Reached skill level 3 in Long Blades
   253 | D:1      | Found a faded altar of an unknown god.
   253 | D:1      | Found Ynopogg's General Store.
   798 | D:2      | Reached XP level 3. HP: 15/21 MP: 7/7
   807 | D:2      | Reached skill level 4 in Long Blades
   876 | D:2      | Noticed Natasha
   898 | D:2      | Killed Natasha
   899 | D:2      | Reached XP level 4. HP: 13/26 MP: 8/8
  1102 | D:2      | Noticed Natasha
  1108 | D:2      | Killed Natasha
  1109 | D:2      | Reached skill level 5 in Long Blades
  1271 | D:2      | Noticed Natasha
  1282 | D:2      | Killed Natasha
  1283 | D:2      | Gained mutation: Your magical nature lets you fly swiftly
                  | and evasively. [Tengu growth]
  1283 | D:2      | Reached XP level 5. HP: 13/30 MP: 9/9
  1402 | D:2      | Noticed Sigmund
  1452 | D:2      | Slain by Sigmund

Illustrated notes

Levels and vault maps discovered:
D:1:      minmay_arrival_diagonal_passages, layout_basic, serial_shops,
          nicolae_shop_crystal, dreamdust_ecumenical_altar_statues, st_stairs_10
D:2:      layout_basic, serial_shops, nicolae_shop_behind_doors,
          kennysheep_nondescript, uniq_sigmund, uniq_natasha

Skill      XL: |  1  2  3  4 |
---------------+-------------+-----
Long Blades    | 3 4 5 |  5.7
Fighting       | |  2.0
Throwing       | |  1.0
Armour         | |  1.1
Dodging        | |  2.1
Spellcasting   | |  2.0
Translocations | |  2.4

Action                   |  1- 3 |  4- 6 || total
-------------------------+-------+-------++-------
Melee: Falchion          |    82 |    36 ||   118
       Kick              |    13 |     9 ||    22
       Peck              |     6 |     6 ||    12
Throw: Boomerang         |       |     1 ||     1
  Use: Potion            |       |     2 ||     2
Armor: Leather armour    |    29 |    14 ||    43
Dodge: Dodged            |    55 |    18 ||    73

Table legend: (Time is in decaauts)
 A = Elapsed time spent in this place.
 B = Non-inter-level travel time spent in this place.
 C = Inter-level travel time spent in this place.
 D = Time resting spent in this place.
 E = Time spent auto-exploring this place.
 F = Levels seen in this place.
 G = Mean time per level.
                   A        B        C        D        E       F      G
               +--------+--------+--------+--------+--------+-----+--------+
         Total |   1461 |   1428 |     33 |      6 |   1101 |   2 |  730.5 |
       Dungeon |   1461 |   1428 |     33 |      6 |   1101 |   2 |  730.5 |
               +--------+--------+--------+--------+--------+-----+--------+

Top non-repeatable levels by time:
     D:1: 759 daAuts
     D:2: 701 daAuts
